 Dungeon Crawl Stone Soup version 0.28.0-43-g3370ac3207 (webtiles) character file.

Game seed: 15147203570778701767

376 croobank the Cudgeller (level 6, -1/62 HPs)
             Began as a Troll Cinder Acolyte on Mar 6, 2022.
             Was a High Priest of Ignis.
             Slain by an ogre
             ... wielding a +0 giant spiked club
              (32 damage)
             ... on level 4 of the Dungeon.
             The game lasted 00:09:20 (2007 turns).

croobank the Cudgeller (Troll Cinder Acolyte)       Turns: 2007, Time: 00:09:21

Health: -1/62      AC:  6    Str: 25    XL:     6   Next: 44%
Magic:  8/8        EV:  9    Int: 10    God:    Ignis [*****.]
Gold:   126        SH:  0    Dex:  5    Spells: 9/9 levels left

rFire   + . .      SeeInvis .   a - +0 mace (flame)
rCold   + . .      Faith    .   (no shield)
rNeg    . . .      Spirit   .   j - +2 robe {rC+}
rPois   .          Reflect  .   (helmet restricted)
rElec   .          Harm     .   (no cloak)
rCorr   .          Rampage  .   (gloves unavailable)
Will    .....                   (boots unavailable)
Stlth   +.........              (no amulet)
HPRegen 1.00/turn               (no ring)
MPRegen 0.11/turn               (no ring)

@: studying Staves
A: large, unfitting armour, claws 3, regeneration 1, shaggy fur 1, tough skin 1
a: Renounce Religion, Fiery Armour, Foxfire Swarm, Rising Flame


You were on level 4 of the Dungeon.
You worshipped Ignis.
Ignis was extremely pleased with you.
You visited 1 branch of the dungeon, and saw 4 of its levels.

You collected 126 gold pieces.

Inventory:

Hand Weapons
 a - a +0 mace of flaming (weapon)
 l - a +0 falchion
 n - a +0 war axe
 q - a +0 short sword of holy wrath
Missiles
 e - 67 stones
 i - 35 arrows
 k - 2 boomerangs
 r - a poisoned dart (quivered)
Armour
 b - a +0 robe
 j - a +2 robe of cold resistance (worn)
Scrolls
 f - a scroll of teleportation
 h - a scroll of blinking
Potions
 c - 2 potions of flight
 d - a potion of attraction {unknown}
 g - 2 potions of curing
 m - a potion of lignification
 s - a potion of heal wounds {unknown}


   Skills:
 + Level 3.6 Fighting
 + Level 4.0 Maces & Flails
 + Level 2.2 Spellcasting
 + Level 3.3 Fire Magic


You had 9 spell levels left.
You didn't know any spells.
Your spell library contained the following spells:

 Spells                   Type           Power      Damage    Failure   Level
 Scorch                   Fire           14%        2d6       12%         2
 Blade Hands              Tmut           0%         N/A       100%        5
 Irradiate                Conj/Tmut      0%         3d13      100%        5
 Dragon Form              Tmut           0%         N/A       100%        7


Dungeon Overview and Level Annotations

Branches:
Dungeon (4/15)
 Temple: D:4-7

Altars:
Ashenzari

Annotations:
D:3 2 transporters


Innate Abilities, Weirdness & Mutations

You are too large for most types of armour.
You have claws for hands.
Your natural rate of healing is unusually fast.
You are covered in fur. (AC +1)
You have tough skin. (AC +1)


Message History

You thump the orc! You burn the orc.
You kill the orc!
Things that are here:
a +0 falchion; an orc corpse You hear the rusting of a very distant drain.
Things that are here:
a +0 falchion; an orc corpse
l - a +0 falchion
Found a dagger.
You see here a +0 dagger.
You hear the brisk rusting of a very distant drain.
You see here a +0 dagger.
You see here an orc corpse.
You hear the brisk rusting of a very distant drain.
You hear the brisk rusting of a drain very nearby.
An ogre comes into view. It is wielding a +0 giant spiked club.
Found a stone staircase leading down.
The ogre shouts!
Throw: 4 darts (poison)
Press: ? - help, Q - select action, (/) - cycle Shift-Dir - straight line, f - ogre
Aim: an ogre, wielding a +0 giant spiked club (69% to hit)
You throw a poisoned dart.
The poisoned dart completely misses the ogre.
Throw: 3 darts (poison)
Press: ? - help, Q - select action, (/) - cycle Shift-Dir - straight line, f/p - ogre
Aim: an ogre, wielding a +0 giant spiked club (69% to hit)
You throw a poisoned dart.
The poisoned dart barely misses the ogre.
Throw: 2 darts (poison)
Press: ? - help, Q - select action, (/) - cycle Shift-Dir - straight line, f/p - ogre
Aim: an ogre, wielding a +0 giant spiked club (69% to hit)
You throw a poisoned dart. The poisoned dart hits the ogre.
The ogre hits you with a +0 giant spiked club!!
You barely miss the ogre.
The ogre hits you with a +0 giant spiked club!
You sock the ogre! You burn the ogre.
The ogre is heavily wounded.
The ogre hits you with a +0 giant spiked club!!
Ouch! That really hurt!
You die...

#.....# #... . ##♣#♣.♣
#.## . . #.###.# ..#.
♣.♣...# ..### #...#.#
...> #####.# #.. #.#
#..##############.##
#(O@................
#(.#.##############.#.
(.. (.. #.......#. #
#... #.......#. ##..
#.....#.#. #..
#..#...... #+#
#..#..#.## #..#..#...
#..#..#.#.


You could see an ogre.

Vanquished Creatures
  Grinder (D:4)
  A hound (D:4)
  A jelly (D:4)
  Jessica (D:3)
  4 adders
  A worm (D:3)
  6 orcs
  2 bats (D:2)
  3 endoplasms
  A giant cockroach (D:3)
  A goblin (D:2)
  4 hobgoblins
  7 jackals
  A kobold (D:3)
  A quokka (D:3)
  8 ball pythons
  A frilled lizard (D:1)
  5 rats
49 creatures vanquished.

Vanquished Creatures (others)
  2 plants (D:4)
2 creatures vanquished.

Grand Total: 51 creatures vanquished

Notes
Turn   | Place    | Note
-------+----------+-------------------------------------------
     0 | D:1      | croobank the Troll Cinder Acolyte began the quest for the
                  | Orb.
     0 | D:1      | Reached XP level 1. HP: 22/22 MP: 1/1
   242 | D:1      | Reached XP level 2. HP: 27/29 MP: 2/2
   675 | D:2      | Reached skill level 3 in Maces & Flails
   675 | D:2      | Reached XP level 3. HP: 36/36 MP: 3/3
  1247 | D:3      | Noticed Jessica
  1254 | D:3      | Killed Jessica
  1255 | D:3      | Reached XP level 4. HP: 27/44 MP: 5/5
  1375 | D:3      | Found a transporter.
  1386 | D:3      | Found a transporter.
  1472 | D:3      | Found a broken altar of Ashenzari.
  1533 | D:3      | Found a faded altar of an unknown god.
  1689 | D:4      | Reached XP level 5. HP: 50/53 MP: 6/6
  1752 | D:4      | Noticed Grinder
  1766 | D:4      | HP: 1/53 [Grinder (5)]
  1771 | D:4      | Killed Grinder
  1772 | D:4      | Reached skill level 4 in Maces & Flails
  1772 | D:4      | Reached XP level 6. HP: 20/61 MP: 6/8
  2007 | D:4      | Slain by an ogre

Illustrated notes

Levels and vault maps discovered:
D:1:      amcnicky_arrival_wind_blow, layout_rooms,
          chequers_serial_rivers_small_3
D:2:      layout_basic
D:3:      gammafunk_steamed_eel, layout_rooms, mainiacjoe_overflow_alcove_2,
          hellmonk_ecumenical_altar_pennies_from_heaven, uniq_jessica
D:4:      layout_basic, portal_sewer_entry_a, ebering_ghost_rock_garden,
          serial_forest, infiniplex_forest_split,
          infiniplex_forest_clump_curved, infiniplex_forest_end_2,
          infiniplex_forest_lined_1, infiniplex_forest_clump_double,
          infiniplex_forest_lined_3_way, infiniplex_forest_end_1,
          infiniplex_forest_lined_3, infiniplex_forest_end_3, uniq_grinder

Skill      XL: |  1  2  3  4  5 |
---------------+----------------+-----
Maces & Flails | 3 4 |  4.0
Fighting       | 3 |  3.6
Spellcasting   | 2 |  2.2
Fire Magic     | 3 |  3.3

Action                   |  1- 3 |  4- 6 || total
-------------------------+-------+-------++-------
Melee: Mace              |   142 |    80 ||   222
       Punch             |       |     1 ||     1
Throw: Dart              |       |     4 ||     4
  Use: Scroll            |     4 |     6 ||    10
       Potion            |     1 |     3 ||     4
Armor: Robe              |    58 |    25 ||    83
       Skin              |       |     1 ||     1
Dodge: Dodged            |    88 |    35 ||   123
